 Dungeon Crawl Stone Soup version 0.17-a0-1447-g3d113ad (webtiles) character file.

48160 xX420YoLoSWAgXxG the Slicer (level 14, 0/95 HPs)
             Began as a Human Ice Elementalist on June 29, 2015.
             Was the Champion of Kikubaaqudgha.
             Slain by a spiny frog (17 damage)
             ... on level 8 of the Lair of Beasts.
             The game lasted 01:56:37 (25535 turns).

xX420YoLoSWAgXxG the Slicer (HuIE)                 Turns: 25535, Time: 01:56:37

Health: 0/95       AC: 19    Str: 14    XL:     14   Next: 85%
Magic:  28/28      EV: 14    Int: 27    God:    Kikubaaqudgha [******]
Gold:   1088       SH:  6    Dex: 20    Spells: 9 memorised, 9 levels left

rFire  . . .     SeeInvis .     A - +8 dagger of the Dead {pierce, *Contam Int+6 Dex+2}
rCold  + . .     Clarity  .     C - +7 scale mail of Awe {MR+ Str+5 Slay+3}
rNeg   . . .     SustAt   .     B - +0 buckler {rC+}
rPois  .         Gourm    .     (no helmet)
rElec  .         Spirit   .     y - +2 cloak
rCorr  .         Warding  .     K - +0 pair of gloves
rMut   .         Rnd*Tele +     P - +0 pair of boots
MR     ++...                    x - amulet of regeneration
Stlth  +.........               Y - +5 ring of dexterity
                                r - ring of teleportation

@: lethally poisoned (0 -> -2), very slightly contaminated, very resistant to
hostile enchantments, very unstealthy
A: no striking features
a: Receive Corpses, Torment, Renounce Religion, Evoke Teleportation


You were on level 8 of the Lair of Beasts.
You worshipped Kikubaaqudgha.
Kikubaaqudgha was exalted by your worship.
You were hungry.

You visited 2 branches of the dungeon, and saw 18 of its levels.

You collected 1088 gold pieces.

Inventory:

Hand weapons
 h - a +3 scimitar of flaming
 m - a +2 short sword of protection
 o - a +0 rapier
 A - the +8 dagger of the Dead (weapon) {pierce, *Contam Int+6 Dex+2}
   (You found it on level 6 of the Lair of Beasts)

   It inflicts extra damage upon your enemies.
   It affects your intelligence (+6).
   It affects your dexterity (+2).
   It causes magical contamination when unequipped.
Armour
 y - a +2 cloak (worn)
 B - a +0 buckler of cold resistance (worn)
 C - the +7 scale mail of Awe (worn) {MR+ Str+5 Slay+3}
   (You acquired it on level 8 of the Lair of Beasts)

   It affects your strength (+5).
   It affects your accuracy and damage with ranged weapons and melee attacks
   (+3).
   It affects your resistance to hostile enchantments.
 H - a +2 robe of cold resistance
 K - a +0 pair of gloves (worn)
 N - a +1 leather armour of magic resistance
 P - a +0 pair of boots (worn)
 W - a +2 robe of the Archmagi
Jewellery
 r - a ring of teleportation (left hand)
 x - an amulet of regeneration (around neck)
 R - an uncursed ring of protection from magic
 S - an uncursed ring of wizardry
 V - an uncursed ring of ice
 X - an uncursed ring of magical power
 Y - a +5 ring of dexterity (right hand)
Magical devices
 w - a wand of hasting (3)
Scrolls
 d - 3 scrolls of fear
 f - 4 scrolls of enchant armour
 l - a scroll of identify
 D - a scroll of blinking
 I - 10 scrolls of remove curse
 M - 6 scrolls of fog
 T - 4 scrolls of amnesia
 U - 2 scrolls of enchant weapon
Potions
 a - a potion of invisibility
 e - a potion of resistance
 j - 5 potions of brilliance
 k - 2 potions of might
 q - 4 potions of heal wounds
 s - 2 potions of berserk rage
 t - 2 potions of agility
 u - a potion of flight
 v - 3 potions of haste
 J - 4 potions of magic
 O - 2 potions of curing
Books
 b - a book of Frost

   Spells                             Type                      Level
   a - Freeze                         Ice                          1
   b - Throw Frost                    Conjuration/Ice              2
   c - Ozocubu's Armour               Charms/Ice                   3
   d - Throw Icicle                   Conjuration/Ice              4
   e - Summon Ice Beast               Ice/Summoning                4
   f - Condensation Shield            Ice                          4
 p - a book of Enchantments

   Spells                             Type                      Level
   a - Cause Fear                     Hexes                        4
   b - Silence                        Hexes/Air                    5
   c - Deflect Missiles               Charms/Air                   6
   d - Haste                          Charms                       6
   e - Discord                        Hexes                        8
 z - Kikubaaqudgha's Handbook of Sinister Magic
   (Kikubaaqudgha gifted it to you on level 4 of the Dungeon)

   Spells                             Type                      Level
   a - Pain                           Necromancy                   1
   b - Corpse Rot                     Necromancy                   2
   c - Sublimation of Blood           Necromancy                   2
   d - Regeneration                   Charms/Necromancy            3
   e - Control Undead                 Necromancy                   4
 E - a book of Cantrips

   Spells                             Type                      Level
   a - Corona                         Hexes                        1
   b - Animate Skeleton               Necromancy                   1
   c - Summon Small Mammal            Summoning                    1
   d - Apportation                    Translocation                1
 F - a book of Transfigurations

   Spells                             Type                      Level
   a - Stoneskin                      Transmutation/Earth          2
   b - Irradiate                      Conjuration/Transmutation    5
   c - Statue Form                    Transmutation/Earth          6
   d - Hydra Form                     Transmutation                6
   e - Dragon Form                    Transmutation                7
 L - Kikubaaqudgha's Handbook of Evil Magic
   (Kikubaaqudgha gifted it to you on level 8 of the Dungeon)

   Spells                             Type                      Level
   a - Excruciating Wounds            Charms/Necromancy            5
   b - Bolt of Draining               Conjuration/Necromancy       5
   c - Cigotuvi's Embrace             Necromancy                   5
   d - Dispel Undead                  Necromancy                   5
   e - Simulacrum                     Ice/Necromancy               6
 Q - a book of Spatial Translocations

   Spells                             Type                      Level
   a - Apportation                    Translocation                1
   b - Blink                          Translocation                2
   c - Shroud of Golubria             Charms/Translocation         2
   d - Portal Projectile              Translocation                3
   e - Teleport Other                 Translocation                3
   f - Passage of Golubria            Translocation                4
 Z - a book of Party Tricks

   Spells                             Type                      Level
   a - Summon Butterflies             Summoning                    1
   b - Apportation                    Translocation                1
   c - Tukima's Dance                 Hexes                        3
   d - Alistair's Intoxication        Transmutation/Poison         4
   e - Invisibility                   Hexes                        6
Comestibles
 c - 11 bread rations
 g - 6 chunks of flesh
 i - 16 fruits
 n - 2 meat rations
 G - 2 beef jerkies


   Skills:
 - Level 4.2 Fighting
 - Level 12.7 Short Blades
 + Level 4.0 Armour
 - Level 7.1 Dodging
 - Level 2.0 Stealth
 - Level 4.0 Shields
 - Level 10.3 Spellcasting
 - Level 1.0 Conjurations
 - Level 12.1 Charms
 - Level 9.0 Necromancy
 - Level 4.0 Ice Magic


You had 9 spell levels left.
You knew the following spells:

 Your Spells              Type           Power        Failure   Level  Hunger
a - Freeze                Ice            ####         3%          1    None
b - Throw Frost           Conj/Ice       ####..       10%         2    None
c - Ozocubu's Armour      Chrm/Ice       ######..     1%          3    None
d - Pain                  Necr           ####         1%          1    None
e - Sublimation of Blood  Necr           ######....   1%          2    None
f - Regeneration          Chrm/Necr      ######....   1%          3    None
g - Condensation Shield   Ice            #####.....   34%         4    None
h - Haste                 Chrm           ######..     21%         6    #####..
i - Blink                 Tloc           N/A          24%         2    None


Dungeon Overview and Level Annotations

Branches:
Dungeon (10/15)            Temple (0/1) D:6            Lair (8/8) D:8
  Swamp (0/4) Lair:3       Spider (0/4) Lair:3        Slime (0/6) Lair:7
    Orc: D:9-12

Altars:
Dithmenos
Elyvilon
Kikubaaqudgha
Makhleb
Nemelex Xobeh
Okawaru
Qazlal
Sif Muna
Trog
Zin
The Shining One
Jiyva

Shops:
D:9 *

Annotations:
D:3 Kaziganthi's ghost, weakling DEWz
D:4 urechis's ghost, average OpFi
Lair:6 Rupert
Lair:7 1 runed door


Message History

You fail to use your ability.
You block the guardian serpent's attack.
You block the spiny frog's attack.
The guardian serpent coils itself and performs some mystic snake dance.
The spiny frog blinks!
The hornet blinks!
The spiny frog stings you but does no damage. x2
Use which ability? (? or * to list)
You fail to use your ability.
You feel yourself speed up.
The hornet stings you but does no damage.
The guardian serpent coils itself and waves its upper body at you.
You resist with almost no effort.
The spiny frog stings you but does no damage.
The hornet misses you. The spiny frog stings you.
You are poisoned.
The spiny frog poisons you! The guardian serpent hits you!
* * * LOW HITPOINT WARNING * * *
The spiny frog stings you!
You die...
Kikubaaqudgha rasps: "You have failed me!
Welcome... death!"

##...##....##......##....##..###
##...s###....#......#....###P..#P
#..##P..##...##....##...##..P....
##...P...##.(.#....#...##........
##.SP.....##s.##..##..##.....P.##
##..P......##%/#..#..##..........
.....###....##.####..#.....###..#
....##. ##...#..####)....###.P...
....# $.. #)..F@F##...###.......
....# .$...####Sy..#.###....P....
....# $).§.......P.###...........
....# %[......P§PP.###...........
....# "$..$####....#†###.......P.
#...# $..# ##..##...###...P.#. .#
######....###.....
#.##.....###..# #(.##......P%†#


You could see a wolf spider, a hornet, a guardian serpent and 2 spiny frogs.

Vanquished Creatures
  Fannar (Lair:3)
  Erica (Lair:2)
  3 death yaks (Lair:8)
  2 griffons
  20 elephants
  7 black mambas
  9 spiny frogs
  A gargoyle (D:10)
  7 komodo dragons
  2 trolls (D:9)
  A polar bear (Lair:7)
  3 fire drakes
  Grinder (D:4)
  30 blink frogs
  A boulder beetle (Lair:5)
  4 trapdoor spiders (Lair:3)
  2 two-headed ogres
  2 spriggans
  2 basilisks (Lair:3)
  47 yaks
  Eustachio (D:4)
  9 hippogriffs
  2 wyverns (Lair:8)
  2 hungry ghosts
  22 water moccasins
  14 wolves
  3 sky beasts
  2 orc warriors (D:6)
  5 spiders (Lair:8)
  4 ice beasts
  14 porcupines
  A black bear (D:6)
  4 ogres
  A necrophage (D:9)
  2 phantoms (D:9)
  3 wasps (Lair:8)
  2 eyes of draining
  4 centaurs
  2 big kobolds (D:9)
  15 crocodiles
  20 giant frogs
  5 killer bees (D:9)
  3 scorpions
  A wight (D:10)
  A quasit (D:8)
  A wasp zombie (D:9)
  4 crimson imps
  4 hounds
  4 orc priests
  2 jellies (D:7)
  2 giant frog zombies
  4 orc wizards
  7 iguanas
  9 worker ants
  4 sheep (Lair:8)
  A hound skeleton (D:10)
  10 adders
  41 river rats
  4 gnolls (D:5)
  A shadow imp (D:7)
  An ooze (D:7)
  An adder skeleton (D:7)
  An adder zombie (D:7)
  2 worms
  25 orcs
  17 bats
  5 giant cockroaches
  12 goblins
  15 hobgoblins
  10 jackals
  A quokka (D:4)
  A ball python skeleton (D:4)
  2 giant geckos
  A giant gecko skeleton (D:6)
  7 giant newts
  17 kobolds
  A quokka zombie (D:5)
  17 rats
  2 butterflies (D:6)
  A plant (Lair:3)
525 creatures vanquished.

Vanquished Creatures (others)
  A human (D:10)
  3 fungi
  2 plants
6 creatures vanquished.

Grand Total: 531 creatures vanquished

Notes
Turn   | Place    | Note
--------------------------------------------------------------
     0 | D:1      | xX420YoLoSWAgXxG the Human Ice Elementalist began the quest for the Orb.
     0 | D:1      | Reached XP level 1. HP: 13/13 MP: 3/3
   384 | D:1      | Reached XP level 2. HP: 19/19 MP: 3/5
   946 | D:2      | Learned a level 2 spell: Throw Frost
  1016 | D:2      | Reached XP level 3. HP: 24/24 MP: 2/6
  1698 | D:3      | Noticed Kaziganthi's ghost (weakling DEWz)
  1704 | D:3      | Reached skill level 4 in Ice Magic
  1711 | D:3      | Learned a level 3 spell: Ozocubu's Armour
  1794 | D:3      | Found a burning altar of Makhleb.
  1805 | D:3      | Found an ancient bone altar of Kikubaaqudgha.
  1808 | D:3      | Found a stormy altar of Qazlal.
  1811 | D:3      | Found a shadowy altar of Dithmenos.
  1817 | D:3      | Became a worshipper of Kikubaaqudgha
  1845 | D:3      | Reached XP level 4. HP: 30/30 MP: 1/7
  1930 | D:3      | Found an iron altar of Okawaru.
  2190 | D:4      | Noticed urechis's ghost (average OpFi)
  2345 | D:3      | Found a faded altar to an unknown god.
  2367 | D:3      | Reached XP level 5. HP: 18/35 MP: 5/10
  2481 | D:3      | Noticed an ice beast
  2509 | D:3      | Killed an ice beast
  2509 | D:3      | Reached skill level 5 in Spellcasting
  2509 | D:3      | Reached XP level 6. HP: 9/41 MP: 10/13
  2715 | D:3      | Found a glowing golden altar of the Shining One.
  2715 | D:3      | Found a glowing silver altar of Zin.
  2715 | D:3      | Found a white marble altar of Elyvilon.
  3076 | D:4      | Acquired Kikubaaqudgha's first power
  3076 | D:4      | Received a gift from Kikubaaqudgha
  3095 | D:4      | Identified Kikubaaqudgha's Handbook of Sinister Magic (Kikubaaqudgha gifted it to you on level 4 of the Dungeon)
  3144 | D:4      | Noticed Grinder
  3181 | D:4      | Learned a level 1 spell: Pain
  3184 | D:4      | Learned a level 2 spell: Sublimation of Blood
  3188 | D:4      | Learned a level 3 spell: Regeneration
  3317 | D:4      | Noticed Eustachio
  3394 | D:4      | Killed Eustachio
  3394 | D:4      | Reached XP level 7. HP: 46/46 MP: 3/15
  3596 | D:4      | Paralysed by Grinder for 4 turns
  3627 | D:4      | Killed Grinder
  4020 | D:5      | Entered Level 5 of the Dungeon
  4042 | D:5      | Got a faintly glowing ring mail
  4053 | D:5      | Identified the +1 ring mail "Jezxan" {*Drain rElec rC+ MP+9} (You found it on level 5 of the Dungeon)
  4132 | D:5      | Reached skill level 5 in Necromancy
  4132 | D:5      | Reached XP level 8. HP: 46/52 MP: 16/16
  4250 | D:5      | Reached skill level 1 in Short Blades
  4750 | D:5      | Found a deep blue altar of Sif Muna.
  4971 | D:6      | Found a sparkling altar of Nemelex Xobeh.
  5232 | D:6      | Reached skill level 5 in Short Blades
  5340 | D:6      | Acquired Kikubaaqudgha's second power
  5413 | D:6      | Reached skill level 6 in Short Blades
  5509 | D:6      | Reached XP level 9. HP: 41/57 MP: 15/17
  5627 | D:6      | Reached skill level 7 in Short Blades
  6002 | D:6      | Reached skill level 8 in Short Blades
  6340 | D:6      | Found a staircase to the Ecumenical Temple.
  6729 | D:7      | Reached skill level 9 in Short Blades
  7557 | D:8      | Reached skill level 10 in Short Blades
  7557 | D:8      | Reached XP level 10. HP: 46/63 MP: 4/18
  8041 | D:8      | Received a gift from Kikubaaqudgha
  8044 | D:8      | Identified Kikubaaqudgha's Handbook of Evil Magic (Kikubaaqudgha gifted it to you on level 8 of the Dungeon)
  8120 | D:8      | Found a staircase to the Lair.
  8120 | D:8      | Noticed an elephant
  8157 | D:8      | Killed an elephant
  8412 | D:9      | Reached skill level 5 in Dodging
  9024 | D:9      | Noticed a moth of wrath
  9027 | D:9      | Found a bloodstained altar of Trog.
  9267 | D:9      | Reached XP level 11. HP: 68/68 MP: 11/20
  9813 | D:9      | Found Yneohade's Assorted Antiques.
 10023 | D:9      | Got a warped battleaxe
 10024 | D:9      | Identified the +7 battleaxe of the Walnut {vamp, -Tele rElec Int+5 Dex+3} (You found it on level 9 of the Dungeon)
 10183 | D:9      | Acquired Kikubaaqudgha's third power
 10532 | D:9      | Learned a level 4 spell: Condensation Shield
 10562 | D:9      | Reached skill level 1 in Charms
 10570 | D:9      | Learned a level 6 spell: Haste
 10574 | D:10     | Entered Level 10 of the Dungeon
 10947 | D:10     | Found an ancient bone altar of Kikubaaqudgha.
 11174 | D:10     | Noticed a hill giant
 11279 | Lair:1   | Entered Level 1 of the Lair of Beasts
 12245 | Lair:1   | Reached skill level 10 in Spellcasting
 12673 | Lair:1   | Reached XP level 12. HP: 64/74 MP: 21/26
 13309 | Lair:2   | Reached skill level 5 in Charms
 14283 | Lair:2   | Noticed Erica
 14317 | Lair:2   | Killed Erica
 15188 | Lair:3   | Found a hole to the Spider Nest.
 15546 | Lair:3   | Found a white marble altar of Elyvilon.
 15557 | Lair:3   | Found a staircase to the Swamp.
 15709 | Lair:3   | Noticed Fannar
 15748 | Lair:3   | Killed Fannar
 15888 | Lair:3   | Reached skill level 10 in Charms
 15961 | Lair:3   | Learned a level 2 spell: Blink
 16283 | Lair:3   | Acquired Kikubaaqudgha's fourth power
 16394 | Lair:3   | Reached XP level 13. HP: 79/79 MP: 23/27
 17279 | Lair:4   | Reached skill level 11 in Charms
 18022 | Lair:4   | Reached skill level 12 in Charms
 18635 | Lair:4   | Identified a scroll of acquirement
 18904 | Lair:4   | Reached skill level 1 in Shields
 21645 | Lair:6   | Noticed Rupert
 21901 | Lair:6   | Reached XP level 14. HP: 68/85 MP: 19/28
 22510 | Lair:6   | Paralysed by Rupert for 7 turns
 23250 | Lair:6   | Got a bloodstained dagger
 23254 | Lair:6   | Identified the +8 dagger of the Dead {pierce, *Contam Int+6 Dex+2} (You found it on level 6 of the Lair of Beasts)
 23325 | Lair:7   | Reached skill level 1 in Fighting
 23377 | Lair:7   | You fall through a shaft!
 23377 | Lair:8   | Entered Level 8 of the Lair of Beasts
 23432 | Lair:7   | Found a runed door.
 23464 | Lair:7   | Found a viscous altar of Jiyva.
 23464 | Lair:7   | Noticed an azure jelly
 23466 | Lair:7   | Found a staircase to the Slime Pits.
 24441 | Lair:8   | Got a crude scale mail
 24452 | Lair:8   | Identified the +7 scale mail of Awe {MR+ Str+5 Slay+3} (You acquired it on level 8 of the Lair of Beasts)
 25172 | Lair:8   | Reached skill level 1 in Armour
 25535 | Lair:8   | Slain by a spiny frog

Vault maps used:
D:1:      onia_arrival_handbag
D:3:      good_gods_mini_temple, grunt_temple_overflow_cloverleaf,
          okawaru_ov_weapons_minmay, ecumenical_altar_2
D:4:      cheibrodos_gnoll_hut, uniq_eustachio, uniq_grinder
D:5:      led_sif_pool, first_bread, minivault_11, st_stairs_9, minivault_4
D:6:      nemelex_deck, minmay_temple_entry_butterflies
D:8:      david_lair_generic, the_bakery
D:9:      tgw_trog, serial_shops, nicolae_shop_overgrown_old_shop
D:10:     tgw_kikubaaqudgha
Lair:1:   beast_lair_carwin_8, grunt_megastairs_2, infiniplex_staircase_pool
Lair:2:   serial_bayou_ford_a, grunt_forest_large_clearing_hut, uniq_erica
Lair:3:   swamp_mist, spider_nest_entry_webs, basic_altar, minivault_19,
          hibernation_bobbens, uniq_fannar
Lair:4:   serial_bayou_shore_a
Lair:5:   serial_bayou_shore_b, serial_bayou_shore_b
Lair:6:   grunt_megastairs_4, uniq_rupert
Lair:7:   slime_altar_2, lemuel_fruit_fields
Lair:8:   hangedman_lair_tendril_chambers

Action                   |  1- 3 |  4- 6 |  7- 9 | 10-12 | 13-15 || total
-------------------------+-------+-------+-------+-------+-------++-------
Melee: Club              |     8 |       |       |       |       ||     8
       Short sword       |    24 |   111 |   557 |  1476 |  1701 ||  3869
       Dagger            |       |       |       |       |   630 ||   630
 Cast: Freeze            |    46 |    31 |    49 |   270 |   176 ||   572
       Throw Frost       |     1 |     2 |       |       |       ||     3
       Ozocubu's Armour  |     1 |     3 |    24 |    56 |    54 ||   138
       Pain              |       |     7 |     9 |    88 |    49 ||   153
       Regeneration      |       |       |       |    34 |    51 ||    85
       Condensation Shie |       |       |       |    26 |    18 ||    44
       Haste             |       |       |       |       |     3 ||     3
Evoke: Wand              |       |       |       |     7 |     4 ||    11
  Use: Scroll            |     4 |     4 |    12 |    10 |    10 ||    40
       Potion            |       |       |       |       |     2 ||     2
 Stab: Sleeping          |     3 |     1 |     6 |     6 |    12 ||    28
       Fleeing           |       |       |     1 |       |       ||     1
       Distracted        |       |       |       |       |     1 ||     1
  Eat: Chunk             |     3 |     6 |    20 |    35 |    32 ||    96
       Beef jerky        |       |       |     1 |     1 |     4 ||     6
       Fruit             |       |       |       |     4 |     1 ||     5
       Pizza             |       |       |       |     2 |       ||     2
       Meat ration       |       |       |       |       |     2 ||     2
